 Dungeon Crawl Stone Soup version 0.29-a0-451-gfbfa424 (webtiles) character file.

Game seed: 17548270842584764376

11031 Toastz the Grappler (level 11, -6/126 HPs)
             Began as a Green Draconian Transmuter on May 19, 2022.
             Was a Believer of Makhleb.
             Mangled by a red ugly thing (11 damage)
             ... in a volcano.
             The game lasted 00:26:57 (11107 turns).

Toastz the Grappler (Green Draconian Transmuter)   Turns: 11107, Time: 00:26:57

Health: -6/126     AC: 25    Str: 18    XL:     11   Next: 44%
Magic:  14/14      EV:  2    Int: 14    God:    Makhleb [**....]
Gold:   386        SH:  0    Dex: 12    Spells: 4/14 levels left

rFire   + . .      SeeInvis .     - Unarmed
rCold   . . .      Faith    .   (no shield)
rNeg    . . .      Spirit   .   (body armour unavailable)
rPois   +          Reflect  .   (helmet currently unavailable)
rElec   .          Harm     .   (cloak currently unavailable)
rCorr   .          Rampage  .   (gloves currently unavailable)
Will    .....      NoTele   +   (boots currently unavailable)
Stlth   +.........              b - amulet of regeneration
HPRegen 1.11/turn               e - ring of flight
MPRegen 0.14/turn               L - ring of protection from fire

@: tree-form
A: stationary, stasis, torment immunity, boosted hp, (breathe noxious fumes), AC
+7, unfitting armour, (poison resistance), (cold-blooded), (stinger 1), frail 1,
strong 1
a: Renounce Religion, Minor Destruction


You were in a volcano.
You worshipped Makhleb.
Makhleb was pleased with you.
You were a tree.
You visited 2 branches of the dungeon, and saw 11 of its levels.
You also visited: Sewer and Volcano.

You collected 426 gold pieces.
You spent 40 gold pieces at shops.

Inventory:

Missiles
 c - 32 poisoned darts (quivered)
 i - 4 curare-tipped darts
 z - 8 silver boomerangs
 H - 5 boomerangs
 N - 3 boomerangs of dispersal
 P - 2 javelins
Armour
 A - a +0 pair of boots (melded)
 K - a +2 pair of gloves (melded)
Jewellery
 b - an amulet of regeneration (around neck)
 e - a ring of flight (left branch)
 y - a +6 ring of intelligence
 L - a ring of protection from fire (right branch)
Wands
 k - a wand of mindburst (9)
 p - a wand of flame (21)
 B - a wand of paralysis (12)
 C - a wand of acid (31)
 M - a wand of polymorph (23)
Scrolls
 d - 4 scrolls of immolation
 f - 4 scrolls of teleportation
 h - 2 scrolls of poison
 j - 3 scrolls of fog
 l - a scroll of fear
 s - 2 scrolls of amnesia
 v - a scroll of brand weapon {unknown}
 x - 3 scrolls of blinking
 G - a scroll of noise {unknown}
 I - a scroll of magic mapping {unknown}
 J - a scroll of vulnerability {unknown}
 R - a scroll of enchant weapon {unknown}
Potions
 a - 4 potions of lignification
 g - 3 potions of brilliance
 n - 3 potions of flight
 o - 3 potions of attraction
 q - a potion of berserk rage {unknown}
 r - a potion of resistance {unknown}
 t - 2 potions of invisibility {unknown}
 u - a potion of curing
 w - 4 potions of mutation
 E - a potion of cancellation {unknown}
 F - 2 potions of haste {unknown}
 O - 2 potions of degeneration {unknown}
 Q - 2 potions of might {unknown}
Miscellaneous
 D - a phantom mirror


   Skills:
 - Level 8.0 Fighting
 - Level 4.0 Dodging
 * Level 14.6 Unarmed Combat
 - Level 2.0 Spellcasting
 + Level 5.9 Transmutations
 - Level 3.0 Ice Magic
 - Level 3.0 Poison Magic
 + Level 2.5 Invocations


You had 4 spell levels left.
You knew the following spells:

 Your Spells              Type           Power      Damage    Failure   Level
a - Beastly Appendage     Tmut           36%        N/A       1%          1
b - Wereblood             Tmut           18%        N/A       3%          2
c - Spider Form           Tmut/Pois      13%        N/A       12%         3
d - Ice Form              Ice/Tmut       13%        N/A       36%         4

Your spell library contained the following spells:

 Spells                   Type           Power      Damage    Failure   Level
 Static Discharge         Conj/Air       1%         N/A       34%         2
 Airstrike                Air            0%         N/A       93%         4
 Summon Lightning Spire   Summ/Air       1%         N/A       93%         4
 Lightning Bolt           Conj/Air       0%         1d11      100%        5
 Maxwell's Capacitive Co  Air            0%         ∞         100%        8


Dungeon Overview and Level Annotations

Branches:
Dungeon (10/15)            Temple (0/1) D:7            Lair (1/6) D:8
  Sewer (visited)         Volcano (1/1)
    Orc: D:9-12

Altars:
Fedhas
Makhleb
Xom
Yredelemnul
The Shining One

Shops:
D:1 *   D:6 *

Annotations:
D:9 3 runed translucent doors, Dega's ghost, journeyman SpHu


Innate Abilities, Weirdness & Mutations

You are a tree.
Your roots penetrate the ground, keeping you stationary.
You cannot be teleported.
You are immune to unholy pain and torment.
Your maximum health is greatly increased.
Your equipment is partially melded.
((You can breathe blasts of noxious fumes.))
((Your lurid green scales are hard. (AC +7)))
You cannot fit into any form of body armour.
((Your system is resistant to poisons. (rPois)))
((You are cold-blooded and may be slowed by cold attacks.))
((Your tail ends in a venomous barb.))
You are frail. (-10% HP)
Your muscles are strong. (Str +2)


Message History

You feel better.
The ufetubus hits your hellwing but does no damage. x2
The red ugly thing pecks you but does no damage.
The red ugly thing gores you but does no damage.
Your hellwing closely misses the ufetubus.
Your hellwing misses the ufetubus.
The ufetubus hits your hellwing but does no damage.
The ufetubus hits your hellwing.
It was a potion of mutation.
You feel extremely strange.
You feel frail.
A venomous barb forms on the end of your tail.
You feel stronger. The ufetubus hits your hellwing.
The ufetubus barely misses your hellwing. x2
The ufetubus hits your hellwing but does no damage.
The red ugly thing pecks you.
* * * LOW HITPOINT WARNING * * *
You are engulfed in flames!
You resist.
* * * LOW HITPOINT WARNING * * *
The red ugly thing gores you but does no damage.
Your hellwing misses the ufetubus.
Your hellwing closely misses the ufetubus.
The ufetubus hits your hellwing but does no damage.
The ufetubus closely misses your hellwing.
Okay, then.
As you read the scroll of fear, it crumbles to dust.
You assume a fearsome visage.
The ufetubus looks frightened!
The ynoxinul looks frightened!
The ufetubus looks frightened!
The red ugly thing looks frightened!
The red ugly thing resists with some effort.
The orc sorcerer looks frightened!
The red ugly thing basks in the mutagenic energy from its kin and changes!
The red ugly thing gores you but does no damage.
The ynoxinul hits your hellwing.
Your hellwing barely misses the ynoxinul.
Your hellwing hits the ynoxinul. The red ugly thing gores you.
* * * LOW HITPOINT WARNING * * *
You are engulfed in flames!
You resist.
You die...

≈≈§≈≈≈≈≈≈≈○§§≈≈≈≈≈.#
.§≈≈§≈≈§≈≈§§≈≈§§≈≈.#
...≈≈§≈≈≈≈≈≈≈§§≈≈.#
..≈§≈§≈≈§§≈≈≈...#
.≈.≈≈≈≈§≈≈§≈§..##
..≈≈≈≈≈≈≈≈§....#
#...≈≈≈§≈......#
#...≈≈≈§.§.....#
#...≈≈...#.♣u##
##.....###8u8#
##....# ##o## ##...#
#3# ##### #4# #.).#
#..∩..# #..###..#
#..# #..#


You could see 2 ugly things, a ynoxinul (summoned, fleeing, ally target), an orc
sorcerer (fleeing) and a friendly hellwing (summoned).

Vanquished Creatures
  A two-headed ogre (D:9)
  An ugly thing (Volcano)
  Maurice (D:10)
  A smoke demon (Volcano)
  A kobold demonologist (D:10)
  Maggie (D:8)
  A troll (D:10)
  A wyvern (D:10)
  A hog (shapeshifter) (D:9)
  16 yaks
  2 steam dragons
  6 fire bats (Volcano)
  2 vampire mosquitoes (D:10)
  A human (D:9)
  A basilisk (Lair:1)
  3 wargs (D:8)
  An acid dragon (D:10)
  A water moccasin (D:8)
  A hell hound (Volcano)
  4 orc warriors
  An ice beast (D:6)
  An ogre (D:6)
  A centaur (D:8)
  A phantom (D:6)
  3 kobold brigands
  2 bullfrogs
  A necrophage (D:5)
  2 gnoll sergeants
  5 scorpions
  10 wights
  2 howler monkeys (D:10)
  4 jellies
  A crimson imp (D:7)
  6 hounds
  7 lava snakes (Volcano)
  6 orc priests
  2 gnoll shamans (D:6)
  2 iguanas (D:7)
  6 orc wizards
  A hell rat (Sewer)
  19 gnolls
  2 river rats (Sewer)
  14 adders
  2 shadow imps (D:6)
  An ufetubus (D:3)
  6 worms
  A dart slug (D:5)
  18 orcs
  5 ball pythons
  6 endoplasms
  6 giant cockroaches
  5 goblins
  6 hobgoblins
  10 jackals
  A quokka (D:2)
  3 bats
  6 frilled lizards
  15 kobolds
  9 rats
246 creatures vanquished.

Vanquished Creatures (collateral kills)
  A red devil (Volcano)
1 creature vanquished.

Vanquished Creatures (others)
  2 plants (D:8)
2 creatures vanquished.

Grand Total: 249 creatures vanquished

Notes
Turn   | Place    | Note
-------+----------+-------------------------------------------
     0 | D:1      | Toastz the Draconian Transmuter began the quest for the
                  | Orb.
     0 | D:1      | Reached XP level 1. HP: 16/16 MP: 3/3
    49 | D:1      | Found Wetan's Assorted Antiques.
   612 | D:1      | Reached XP level 2. HP: 22/23 MP: 3/5
  1051 | D:2      | Reached XP level 3. HP: 29/29 MP: 4/6
  1175 | D:2      | Reached skill level 4 in Unarmed Combat
  1738 | D:2      | Learned a level 2 spell: Wereblood
  1884 | D:2      | Reached XP level 4. HP: 37/37 MP: 5/7
  2771 | D:3      | Found a glowing drain.
  2793 | Sewer    | Entered a sewer
  2926 | Sewer    | Reached skill level 5 in Unarmed Combat
  2965 | Sewer    | Reached XP level 5. HP: 11/43 MP: 8/8
  3923 | D:4      | Reached XP level 6. HP: 9/52 MP: 5/9
  3929 | D:4      | HP: 2/78 [gnoll/+0 spear (4)]
  3932 | D:4      | Reached skill level 6 in Unarmed Combat
  4293 | D:5      | Entered Level 5 of the Dungeon
  4575 | D:5      | Your scales start taking on a lurid green colour.
  4575 | D:5      | Reached XP level 7. HP: 56/60 MP: 8/10
  4575 | D:5      | Gained mutation: Your system is resistant to poisons.
                  | (rPois) [Green Draconian growth]
  4579 | D:5      | Learned a level 3 spell: Spider Form
  4645 | D:5      | Reached skill level 7 in Unarmed Combat
  4648 | D:5      | Reached skill level 1 in Poison Magic
  5231 | D:6      | Found Doesa's CLEARANCE SALE!.
  5277 | D:6      | Reached skill level 5 in Fighting
  5321 | D:6      | Bought a potion of heal wounds for 25 gold pieces
  5321 | D:6      | Bought a scroll of teleportation for 15 gold pieces
  6013 | D:6      | Reached XP level 8. HP: 58/69 MP: 8/11
  6016 | D:6      | Reached skill level 8 in Unarmed Combat
  6470 | D:6      | Found a glowing golden altar of the Shining One.
  6476 | D:6      | Found a blossoming altar of Fedhas.
  6928 | D:7      | Reached skill level 9 in Unarmed Combat
  7251 | D:7      | Found a shimmering altar of Xom.
  7251 | D:7      | Found a burning altar of Makhleb.
  7264 | D:7      | Became a worshipper of Makhleb the Destroyer
  7303 | D:7      | Found a staircase to the Ecumenical Temple.
  7922 | D:8      | Reached XP level 9. HP: 66/75 MP: 10/12
  8179 | D:8      | Reached skill level 10 in Unarmed Combat
  8616 | D:8      | Reached * piety under Makhleb
  8638 | D:8      | Found a staircase to the Lair.
  8676 | D:8      | Reached skill level 11 in Unarmed Combat
  8711 | D:8      | Noticed Maggie
  8732 | D:8      | Killed Maggie
  8733 | D:8      | Reached skill level 5 in Transmutations
  9135 | D:8      | Reached XP level 10. HP: 44/84 MP: 7/13
  9208 | D:8      | Reached ** piety under Makhleb
  9308 | D:9      | Noticed a two-headed ogre
  9311 | D:9      | Reached skill level 12 in Unarmed Combat
  9323 | D:9      | Killed a two-headed ogre
  9582 | D:9      | Found a runed translucent door.
  9586 | D:9      | Found a basalt altar of Yredelemnul.
  9745 | D:9      | Noticed Dega's ghost (journeyman SpHu)
  9778 | D:9      | Found a runed translucent gate.
  9780 | D:9      | Found a runed translucent gate.
  9782 | D:9      | Found a runed translucent gate.
 10037 | D:10     | Entered Level 10 of the Dungeon
 10058 | D:10     | Reached skill level 13 in Unarmed Combat
 10099 | D:10     | Learned a level 4 spell: Ice Form
 10129 | D:10     | Reached skill level 1 in Ice Magic
 10236 | D:10     | Noticed Maurice
 10253 | D:10     | Killed Maurice
 10334 | D:10     | Noticed a smoke demon
 10438 | D:10     | Noticed a sun demon
 10518 | D:10     | Reached XP level 11. HP: 59/93 MP: 12/14
 10621 | D:10     | Noticed a cyan ugly thing
 10622 | D:10     | Noticed a skeletal warrior
 10640 | D:10     | Noticed an orc knight
 10799 | Lair:1   | Entered Level 1 of the Lair of Beasts
 10838 | Lair:1   | Reached skill level 14 in Unarmed Combat
 10869 | Lair:1   | Found a dark tunnel.
 10887 | Volcano  | Entered a volcano
 10968 | Volcano  | Reached skill level 1 in Invocations
 11025 | Volcano  | Reached *** piety under Makhleb
 11064 | Volcano  | Noticed a red ugly thing
 11074 | Volcano  | Killed a red ugly thing
 11078 | Volcano  | Noticed a red ugly thing
 11081 | Volcano  | Noticed a red ugly thing
 11089 | Volcano  | Noticed an orc sorcerer
 11093 | Volcano  | HP: 1/94 [barbs]
 11101 | Volcano  | HP: 1/141 [red ugly thing (8)]
 11105 | Volcano  | Gained mutation: You are frail. (-10% HP) [potion of
                  | mutation]
 11105 | Volcano  | Gained mutation: Your tail ends in a venomous barb. [potion
                  | of mutation]
 11105 | Volcano  | Gained mutation: Your muscles are strong. (Str +2) [potion
                  | of mutation]
 11107 | Volcano  | HP: 5/126 [red ugly thing (4)]
 11107 | Volcano  | Mangled by a red ugly thing

Illustrated notes

Levels and vault maps discovered:
D:1:      dpeg_arrival_castle, layout_loops_ring, serial_shops,
          nicolae_square_shop, minmay_heptomino_o4
D:2:      layout_basic, interstate_on_off, kennysheep_generic_room_5
D:3:      layout_basic, cheibrodos_sewer_entry_drain, minmay_misc_feat_cross
D:4:      layout_basic, lexackson_kobold_supper
D:5:      lemuel_ice_spiral_2, layout_basic
D:6:      layout_cave_pods, mainiacjoe_overflow_six_doors_small,
          tso_oasis_becter, nicolae_shop_clearance
D:7:      layout_basic, grunt_temple_overflow_champion_of_chaos, temple_statues
D:8:      layout_cave_pools, erik_lair_orcish_takeover, uniq_maggie
D:9:      layout_loops_ring, dk_yredelemnul_ordeal, gammafunk_ghost_spectres
D:10:     minmay_chambers_of_sevens, layout_cave_pools, trog_hazing_becter,
          uniq_maurice
Lair:1:   layout_hall_layers, nicolae_volcano_entry_two_sided,
          beast_lair_carwin_11, uniq_sonja
Volcano:  volcano_grotto [vgs_dualism]

Skill      XL: |  1  2  3  4  5  6  7  8  9 10 11 |
---------------+----------------------------------+-----
Fighting       | 2 3 4 5 6 7 8 |  8.0
Unarmed Combat | 4 5 6 7 9 11 13 14 | 14.6
Poison Magic   | 2 3 |  3.0
Transmutations | 3 5 |  5.9
Dodging        | 2 3 4 |  4.0
Ice Magic      | 2 3 |  3.0
Invocations    | 2 |  2.5
Spellcasting   | |  2.0

Action                   |  1- 3 |  4- 6 |  7- 9 | 10-12 || total
-------------------------+-------+-------+-------+-------++-------
Melee: Unarmed           |   103 |   155 |   309 |   221 ||   788
       Kick              |    17 |    38 |    93 |    69 ||   217
       Headbutt          |     5 |    12 |    57 |    40 ||   114
       Tailslap          |     9 |    18 |    39 |    22 ||    88
       Punch             |     2 |     1 |    11 |    19 ||    33
Throw: Stone             |    18 |    10 |     5 |       ||    33
       Dart              |       |       |       |     4 ||     4
 Cast: Beastly Appendage |    25 |    26 |    46 |    31 ||   128
       Wereblood         |       |     4 |     8 |     6 ||    18
       Spider Form       |       |       |     2 |       ||     2
Invok: Minor Destruction |       |       |       |     2 ||     2
       Lesser Servant of |       |       |       |     2 ||     2
 Abil: Breathe Noxious F |       |       |     4 |     5 ||     9
Evoke: Wand              |       |     1 |       |     4 ||     5
  Use: Scroll            |     3 |     3 |     2 |     7 ||    15
       Potion            |       |     2 |     1 |     8 ||    11
 Stab: Sleeping          |       |     1 |       |       ||     1
       Confused          |       |       |       |     2 ||     2
Armor: Skin              |    28 |    77 |    86 |    87 ||   278
Dodge: Dodged            |    51 |    99 |   185 |   144 ||   479

Table legend: (Time is in decaauts)
 A = Elapsed time spent in this place.
 B = Non-inter-level travel time spent in this place.
 C = Inter-level travel time spent in this place.
 D = Time resting spent in this place.
 E = Time spent auto-exploring this place.
 F = Levels seen in this place.
 G = Mean time per level.
                   A        B        C        D        E       F      G
               +--------+--------+--------+--------+--------+-----+--------+
         Total |  11022 |  10531 |    491 |   2491 |   5719 |  13 |  847.8 |
       Dungeon |  10293 |   9802 |    491 |   2175 |   5558 |  10 | 1029.3 |
          Lair |     82 |     82 |      0 |      0 |      0 |   1 |   82.0 |
         Sewer |    442 |    442 |      0 |    316 |     61 |   1 |  442.0 |
       Volcano |    204 |    204 |      0 |      0 |     99 |   1 |  204.0 |
               +--------+--------+--------+--------+--------+-----+--------+

Top non-repeatable levels by time:
     D:7: 1487 daAuts
     D:2: 1328 daAuts
     D:6: 1224 daAuts
     D:5: 1162 daAuts
     D:3: 1050 daAuts
     D:1: 979 daAuts
     D:8: 944 daAuts
     D:9: 846 daAuts
    D:10: 679 daAuts
     D:4: 590 daAuts
   Sewer: 442 daAuts
 Volcano: 204 daAuts
  Lair:1: 82 daAuts
